 Dungeon Crawl Stone Soup version 0.26-a0-707-g31817bcca1 (webtiles) character file.

Game seed: 12026820577357528974

30 lunkers the Skirmisher (level 3, 0/29 HPs)
             Began as a Demonspawn Abyssal Knight on Oct 26, 2020.
             Was a Follower of Lugonu.
             Slain by Sigmund
             ... wielding a +0 scythe
              (8 damage)
             ... on level 2 of the Dungeon.
             The game lasted 00:02:04 (1433 turns).

lunkers the Skirmisher (Demonspawn Abyssal Knight)  Turns: 1433, Time: 00:02:05

Health: 0/29       AC:  5    Str: 13    XL:     3   Next: 3%
Magic:  5/5        EV: 10    Int: 13    God:    Lugonu [*.....]
Gold:   48         SH:  0    Dex: 12    Spells: 2/2 levels left

rFire    . . .     SeeInvis .   a - +1 mace
rCold    . . .     Faith    .   (no shield)
rNeg     + . .     Spirit   .   b - +0 leather armour
rPois    .         Reflect  .   (helmet restricted)
rElec    .         Harm     .   (no cloak)
rCorr    .         Rampage  .   (no gloves)
MR       .....                  (no boots)
Stlth    +.........             (no amulet)
HPRegen  0.09/turn              g - ring of positive energy
MPRegen  0.09/turn              (no ring)

@: mighty, brilliant, drained
A: antennae 1, icy blue scales 1
a: Depart the Abyss, Renounce Religion


You were on level 2 of the Dungeon.
You worshipped Lugonu.
Lugonu was aware of your devotion.
You visited 1 branch of the dungeon, and saw 2 of its levels.
You visited the Abyss 1 time.

You collected 48 gold pieces.

Inventory:

Hand Weapons
 a - a +1 mace (weapon)
Armour
 b - a +0 leather armour (worn)
Jewellery
 g - a ring of positive energy (left hand)
Scrolls
 e - 2 scrolls of teleportation {unknown}
 f - 2 scrolls of identify {unknown}
 h - a scroll of blinking {unknown}
Potions
 i - a potion of cancellation {unknown}


   Skills:
 + Level 3.3(2.3) Fighting
 * Level 2.5(1.6) Maces & Flails
 - Level 1.7(0.8) Armour
 - Level 0.8(0.0) Dodging
 + Level 3.1(2.1) Invocations


You had 2 spell levels left.
You didn't know any spells.
Your spell library was empty.

Dungeon Overview and Level Annotations

Branches:
Dungeon (2/15)

Altars:

Annotations:
D:2 Sigmund


Innate Abilities, Weirdness & Mutations

You have a pair of small antennae on your head.
You are partially covered in icy blue scales. (AC +2)


Message History

You are more confused.
You bump into the rock wall.
You bump into the rock wall.
You bump into the rock wall.
You bump into the rock wall.
Something hits you but does no damage.
You bump into the rock wall.
Something hits you.
You bump into the rock wall.
Okay, then.
You bump into the rock wall.
Something hits you!
* * * LOW HITPOINT WARNING * * *
It was a potion of brilliance.
You feel clever all of a sudden.
You feel less confused. Something hits you!
* * * LOW HITPOINT WARNING * * *
It was a potion of might.
You feel very mighty all of a sudden.
Unknown command.
You closely miss something. Something hits you!
You die...

#.# #.# #.#
#.##### #.....#
##..)<.#
#......########
#.............#
#......######@#
#......# #{#
#.)....# #.#
##....### #.#
#.....# #†#
#.....# #.#
#...### #.#
##### #.#
..{.....#


There were no monsters in sight!

Vanquished Creatures
  A leopard gecko (D:2)
  3 giant cockroaches (D:1)
  3 goblins
  5 hobgoblins (D:1)
  2 jackals (D:1)
  2 bats (D:1)
  4 frilled lizards
  3 kobolds (D:1)
  6 rats (D:1)
29 creatures vanquished.

Notes
Turn   | Place    | Note
-------+----------+-------------------------------------------
     0 | Abyss:1  | lunkers the Demonspawn Abyssal Knight began the quest for
                  | the Orb.
     0 | Abyss:1  | Reached XP level 1. HP: 18/18 MP: 2/2
    50 | Abyss:1  | Noticed a wretched star
    51 | D:1      | Escaped the Abyss
   256 | D:1      | Gained mutation: You are partially covered in icy blue
                  | scales. (AC +2) [demonic ancestry]
   256 | D:1      | Reached XP level 2. HP: 7/24 MP: 4/4
   264 | D:1      | Reached * piety under Lugonu
  1359 | D:2      | Gained mutation: You have a pair of small antennae on your
                  | head. [demonic ancestry]
  1359 | D:2      | Reached XP level 3. HP: 27/29 MP: 5/5
  1413 | D:2      | Noticed Sigmund
  1433 | D:2      | Slain by Sigmund

Illustrated notes

Levels and vault maps discovered:
D:1:      shiori_arrival_oz, layout_rooms
D:2:      layout_basic, marbit_many_paths, lemuel_tele_altar, uniq_sigmund,
          uniq_terence, uniq_jessica, uniq_natasha

Skill      XL: |  1  2 |
---------------+-------+-----
Maces & Flails | 2 |  2.5
Invocations    | 3 |  3.1
Fighting       | |  3.3
Armour         | |  1.7
Dodging        | |  0.8

Action                   || total
-------------------------++-------
Melee: Mace              ||    98
Invok: Depart the Abyss  ||     1
  Use: Potion            ||     2
Armor: Leather armour    ||    50
Dodge: Dodged            ||    75

Table legend: (Time is in decaauts)
 A = Elapsed time spent in this place.
 B = Non-inter-level travel time spent in this place.
 C = Inter-level travel time spent in this place.
 D = Time resting spent in this place.
 E = Time spent auto-exploring this place.
 F = Levels seen in this place.
 G = Mean time per level.
                   A        B        C        D        E       F      G
               +--------+--------+--------+--------+--------+-----+--------+
         Total |   1462 |   1445 |     17 |    146 |   1052 |   3 |  487.3 |
       Dungeon |   1411 |   1394 |     17 |    146 |   1006 |   2 |  705.5 |
         Abyss |     51 |     51 |      0 |      0 |     46 |   1 |   51.0 |
               +--------+--------+--------+--------+--------+-----+--------+

Top non-repeatable levels by time:
     D:1: 1328 daAuts
     D:2: 83 daAuts
 Abyss:1: 51 daAuts
